 Dungeon Crawl Stone Soup version 0.29.1 (webtiles) character file.

Game seed: 14644457336622014837

2092 qw the Blocker (level 9, -10/52 HPs)
             Began as a Gargoyle Fighter on Sept 13, 2022.
             Mangled by a troll (14 damage)
             ... on level 9 of the Dungeon.
             The game lasted 00:02:26 (6233 turns).

qw the Blocker (Gargoyle Fighter)                   Turns: 6233, Time: 00:02:27

Health: -10/52     AC: 16    Str: 24    XL:     9   Next: 27%
Magic:  9/9        EV: 11    Int:  9    God:
Gold:   20         SH: 15    Dex:  9    Spells: 8/8 levels left

rFire   . . .      SeeInvis .   Y - +2 war axe
rCold   . . .      Faith    .   e - +0 tower shield
rNeg    + . .      Spirit   .   c - +2 scale mail {Will+}
rPois   inf        Reflect  .   h - +0 helmet
rElec   +          Harm     .   (no cloak)
rCorr   .          Rampage  .   (no gloves)
Will    ++...                   (no boots)
Stlth   ..........              (no amulet)
HPRegen 0.17/turn               i - +4 ring of evasion
MPRegen 0.11/turn               l - ring of willpower

@: no status effects
A: sickness immunity, AC +6, negative energy resistance 1, electricity
resistance, torment resistance 1, petrification resistance
a: no special abilities


You were on level 9 of the Dungeon.
You visited 2 branches of the dungeon, and saw 8 of its levels.

You collected 202 gold pieces.
You spent 182 gold pieces at shops.


Innate Abilities, Weirdness & Mutations

You are immune to sickness and miasma.
Your stone body is resilient. (AC +6)
You are immune to poison.
You resist negative energy. (rN+)
You are resistant to electric shocks. (rElec)
You are resistant to unholy torment.
You are immune to petrification.


   Skills:
 - Level 4.0 Fighting
 + Level 6.0 Axes
 - Level 3.2 Armour
 - Level 1.4 Dodging
 - Level 11.0 Shields


You had 8 spell levels left.
You didn't know any spells.
Your spell library was empty.

Inventory:

Hand Weapons
 b - a +0 flail
 Y - a +2 war axe (weapon)
Missiles
 p - 3 boomerangs (quivered)
Armour
 c - a +2 scale mail of willpower (worn)
 e - a +0 tower shield (worn)
 h - a +0 helmet (worn)
 n - the +1 leather armour of the Forgotten Villages {rElec rC+ rN+ Str+2}
   (You found it on level 3 of the Dungeon)

   Str:       It affects your strength (+2).
   rC:        It protects you from cold.
   rElec:     It insulates you from electricity.
   rN:        It protects you from negative energy.
Jewellery
 i - a +4 ring of evasion (left hand)
 l - a ring of willpower (right hand)
 o - a ring of positive energy
Scrolls
 f - 2 scrolls of blinking
 g - a scroll of identify
 k - a scroll of fog
Potions
 a - 5 potions of curing
 d - 4 potions of might
 j - a potion of attraction
 m - 2 potions of lignification

Dungeon Overview and Level Annotations

Branches:
Dungeon (9/15)             Temple (1/1) D:5
   Lair: D:8-11         Orc: D:9-12

Altars:
Ashenzari
Dithmenos
Fedhas
Gozag
Hepliaklqana
Kikubaaqudgha
Makhleb
Nemelex Xobeh
Qazlal
Ru
Sif Muna
Trog
Uskayaw
Wu Jian
Xom
Yredelemnul
Zin

Shops:
D:9 *

Annotations:
D:3 1 runed translucent door, Crazy Yiuf


Message History

The troll bites you but does no damage. You block the troll's attack.
The troll claws you.
You slash the troll!
The troll is heavily wounded.
You block the troll's attack. x2; The troll barely misses you.
You closely miss the troll.
The troll is heavily wounded.
The troll bites you but does no damage. The troll claws you.
You block the troll's attack. The troll closely misses you.
The troll claws you. You block the troll's attack.
You slash the troll!
The troll is severely wounded.
The troll bites you but does no damage. The troll claws you but does no damage.
The troll claws you!
You barely miss the troll.
The troll is heavily wounded.
The troll bites you but does no damage. The troll barely misses you.
You block the troll's attack. The troll bites you!
You block the troll's attack. The troll claws you but does no damage.
You slash the troll!
The troll is almost dead.
You block the troll's attack. The troll barely misses you.
The troll claws you but does no damage.
You hit the troll.
The troll is almost dead.
You block the troll's attack. The troll closely misses you.
You block the troll's attack.
You closely miss the troll.
The troll is almost dead.
You block the troll's attack. x2; The troll claws you but does no damage.
You block the troll's attack. The troll claws you but does no damage.
The troll barely misses you.
You barely miss the troll.
The troll is almost dead.
The troll closely misses you. You block the troll's attack.
The troll completely misses you.
You barely miss the troll.
The troll is almost dead.
The troll bites you!
You die...

#############
......T@....############
.##########.##.........#
#....#.##.#######.#
#.....#.###..# #.#
.......#......# ###'#
###....#####..# #....
###.###########.... #.
......}.}...<
#####)\.....


You could see a troll.

Vanquished Creatures
  A two-headed ogre (D:9)
  Grinder (D:3)
  Sigmund (D:5)
  A steam dragon (D:5)
  Duvessa (D:5)
  An ogre (D:5)
  A centaur (D:3)
  A necrophage (D:5)
  2 scorpions (D:4)
  Dowan (D:5)
  A gnoll bouda (D:5)
  A hound (D:5)
  A jelly (D:5)
  4 iguanas
  Jessica (D:2)
  Natasha (twice) (D:2)
  2 orc wizards
  Robin (D:2)
  8 adders
  3 gnolls (D:5)
  2 ufetubi
  2 worms
  3 dart slugs
  10 orcs
  4 bats
  5 endoplasms
  3 giant cockroaches
  15 goblins
  7 hobgoblins
  4 jackals (D:2)
  2 quokkas
  8 ball pythons
  3 frilled lizards
  4 kobolds
  4 rats
111 creatures vanquished.

Notes
Turn   | Place    | Note
-------+----------+-------------------------------------------
     0 | D:1      | qw the Gargoyle Fighter began the quest for the Orb.
     0 | D:1      | Reached XP level 1. HP: 14/14 MP: 1/1
     0 | D:1      | 0 ||| qw: Version: 0.1-a-119-g272c26d
     0 | D:1      | 0 ||| qw: Game counter: 11138
     0 | D:1      | 0 ||| qw: Always use a shield: true
     0 | D:1      | 0 ||| qw: God list: Okawaru
     0 | D:1      | 0 ||| qw: Allow faded altars: false
     0 | D:1      | 0 ||| qw: Do Orc after D:15 true
     0 | D:1      | 0 ||| qw: Do second Lair branch before Depths: true
     0 | D:1      | 0 ||| qw: Lair rune preference: random
     0 | D:1      | 0 ||| qw: Plans: Normal, Zot, God:TSO, Crypt, Tomb, Pan,
                  | Slime, Hells, Zig, Abyss, Orb
     0 | D:1      | 0 ||| PLANNING D:1-11
   204 | D:1      | Reached XP level 2. HP: 14/19 MP: 2/2
   637 | D:1      | 637 ||| Stepping ~*~*~tactically~*~*~ (stealth).
   639 | D:1      | 639 ||| Stepping ~*~*~tactically~*~*~ (stealth).
  1036 | D:1      | 1036 ||| UPGRADING to +0 tower shield.
  1046 | D:1      | 1046 ||| DROPPING +0 buckler.
  1047 | D:1      | 1047 ||| UPGRADING to +4 ring of evasion.
  1048 | D:1      | 1048 ||| READING scroll labelled WEFEAG ZUIZI.
  1049 | D:1      | 1049 ||| READING scroll labelled OCASCH TIKERCH.
  1050 | D:1      | 1050 ||| READING scroll labelled GIFO VUMOAFRAN.
  1133 | D:2      | Noticed Robin
  1134 | D:2      | 1134 ||| Stepping ~*~*~tactically~*~*~ (hiding).
  1148 | D:2      | Reached XP level 3. HP: 19/23 MP: 3/3
  1159 | D:2      | Killed Robin
  1164 | D:2      | Noticed Jessica
  1168 | D:2      | 1168 ||| Stepping ~*~*~tactically~*~*~ (hiding).
  1169 | D:2      | 1169 ||| FLEEEEING.
  1170 | D:2      | 1170 ||| FLEEEEING.
  1171 | D:2      | 1171 ||| FLEEEEING.
  1172 | D:2      | 1172 ||| FLEEEEING.
  1173 | D:2      | 1173 ||| FLEEEEING.
  1174 | D:2      | 1174 ||| FLEEEEING.
  1175 | D:2      | 1175 ||| FLEEEEING.
  1176 | D:2      | 1176 ||| Stepping ~*~*~tactically~*~*~ (hiding).
  1177 | D:2      | 1177 ||| Stepping ~*~*~tactically~*~*~ (hiding).
  1181 | D:2      | Reached skill level 4 in Shields
  1182 | D:2      | HP: 5/23 [Jessica/+0 dagger (3)]
  1183 | D:2      | Killed Jessica
  1184 | D:2      | Reached XP level 4. HP: 7/28 MP: 4/4
  1753 | D:2      | Reached skill level 5 in Shields
  1770 | D:2      | Reached skill level 3 in Axes
  1992 | D:2      | Noticed Natasha
  1999 | D:2      | Killed Natasha
  2000 | D:2      | Reached XP level 5. HP: 32/32 MP: 5/5
  2265 | D:2      | Noticed Natasha
  2269 | D:2      | 2269 ||| STAIRDANCE
  2334 | D:1      | 2334 ||| UPGRADING to +0 helmet.
  2339 | D:1      | 2339 ||| UPGRADING to ring of positive energy.
  2340 | D:1      | 2340 ||| READING 2 scrolls labelled VAANAO ZINURCHO.
  2341 | D:1      | 2341 ||| READING scroll labelled KIZEER IPTOICI.
  2342 | D:1      | 2342 ||| READING scroll labelled OHELAUN RISOU.
  2343 | D:1      | 2343 ||| DRINKING 3 green potions.
  2393 | D:2      | Killed Natasha
  2517 | D:3      | Identified the +1 leather armour of the Forgotten Villages
                  | {rElec rC+ rN+ Str+2}
  2596 | D:3      | Noticed a centaur
  2597 | D:3      | 2597 ||| Stepping ~*~*~tactically~*~*~ (stealth).
  2599 | D:3      | 2599 ||| Stepping ~*~*~tactically~*~*~ (hiding).
  2609 | D:3      | Killed a centaur
  2610 | D:3      | Reached skill level 6 in Shields
  2610 | D:3      | Reached XP level 6. HP: 29/37 MP: 6/6
  2768 | D:3      | Noticed Grinder
  2770 | D:3      | Paralysed by Grinder for 3 turns
  2781 | D:3      | Paralysed by Grinder for 4 turns
  2790 | D:3      | Killed Grinder
  2791 | D:3      | Reached skill level 7 in Shields
  2879 | D:3      | 2879 ||| DROPPING +0 club.
  2921 | D:3      | Found a runed translucent door.
  2922 | D:3      | Noticed Crazy Yiuf
  2998 | D:3      | Reached XP level 7. HP: 38/41 MP: 7/7
  3235 | D:3      | 3235 ||| UPGRADING to ring of willpower.
  3237 | D:3      | 3237 ||| READING 3 scrolls labelled OGUFOU KOIHUTE.
  3238 | D:3      | 3238 ||| READING scroll labelled KYTRIJ GIRREC.
  3239 | D:3      | 3239 ||| DRINKING 2 murky orange potions.
  3240 | D:3      | 3240 ||| DRINKING 2 coppery potions.
  3241 | D:3      | 3241 ||| DROPPING 2 scrolls of noise.
  3242 | D:3      | 3242 ||| DROPPING potion of invisibility.
  3269 | D:4      | 3269 ||| Stepping ~*~*~tactically~*~*~ (stealth).
  3306 | D:4      | 3306 ||| Stepping ~*~*~tactically~*~*~ (stealth).
  3488 | D:4      | 3488 ||| Stepping ~*~*~tactically~*~*~ (stealth).
  3704 | D:4      | Reached skill level 8 in Shields
  3807 | D:4      | Found a blossoming altar of Fedhas.
  3964 | D:4      | 3964 ||| DROPPING amulet of faith.
  3965 | D:4      | 3965 ||| READING scroll labelled ZOMPANOKHLI.
  3978 | D:5      | Entered Level 5 of the Dungeon
  3980 | D:5      | 3980 ||| STAIRDANCE
  4084 | D:5      | Noticed Sigmund
  4099 | D:5      | HP: 7/41 [something (6)]
  4100 | D:5      | Killed Sigmund
  4391 | D:5      | Reached XP level 8. HP: 41/46 MP: 8/8
  4435 | D:5      | Noticed Duvessa
  4451 | D:5      | Killed Duvessa
  4451 | D:5      | Noticed Dowan
  4452 | D:5      | 4452 ||| FLEEEEING.
  4458 | D:5      | 4458 ||| FLEEEEING.
  4459 | D:5      | 4459 ||| Stepping ~*~*~tactically~*~*~ (hiding).
  4460 | D:5      | 4460 ||| Stepping ~*~*~tactically~*~*~ (hiding).
  4461 | D:5      | 4461 ||| Stepping ~*~*~tactically~*~*~ (hiding).
  4466 | D:5      | 4466 ||| Stepping ~*~*~tactically~*~*~ (hiding).
  4475 | D:5      | 4475 ||| Stepping ~*~*~tactically~*~*~ (hiding).
  4480 | D:5      | Killed Dowan
  4481 | D:5      | Reached skill level 9 in Shields
  4624 | D:5      | 4624 ||| Stepping ~*~*~tactically~*~*~ (stealth).
  4625 | D:5      | 4625 ||| Stepping ~*~*~tactically~*~*~ (stealth).
  4632 | D:5      | 4632 ||| Stepping ~*~*~tactically~*~*~ (stealth).
  4649 | D:5      | 4649 ||| Stepping ~*~*~tactically~*~*~ (stealth).
  4655 | D:5      | 4655 ||| Stepping ~*~*~tactically~*~*~ (stealth).
  4685 | D:5      | 4685 ||| READING scroll of enchant weapon.
  4685 | D:5      | 4685 ||| ENCHANTING +1 war axe.
  4710 | D:5      | Reached skill level 1 in Dodging
  4805 | D:5      | 4805 ||| Stepping ~*~*~tactically~*~*~ (hiding).
  4968 | D:5      | Found a staircase to the Ecumenical Temple.
  4969 | D:5      | 4969 ||| PLANNING TEMPLE
  4969 | D:5      | 4969 ||| FLEEEEING.
  4970 | D:5      | 4970 ||| FLEEEEING.
  4971 | D:5      | 4971 ||| FLEEEEING.
  4972 | D:5      | 4972 ||| FLEEEEING.
  4973 | D:5      | 4973 ||| FLEEEEING.
  4974 | D:5      | 4974 ||| FLEEEEING.
  4980 | D:5      | 4980 ||| FLEEEEING.
  4981 | D:5      | 4981 ||| FLEEEEING.
  4982 | D:5      | 4982 ||| FLEEEEING.
  4983 | D:5      | 4983 ||| FLEEEEING.
  4991 | D:5      | 4991 ||| FLEEEEING.
  4992 | D:5      | 4992 ||| FLEEEEING.
  4993 | D:5      | 4993 ||| FLEEEEING.
  4994 | D:5      | 4994 ||| FLEEEEING.
  5003 | D:5      | 5003 ||| FLEEEEING.
  5004 | D:5      | 5004 ||| FLEEEEING.
  5005 | D:5      | 5005 ||| FLEEEEING.
  5006 | D:5      | 5006 ||| FLEEEEING.
  5007 | D:5      | 5007 ||| FLEEEEING.
  5008 | D:5      | 5008 ||| FLEEEEING.
  5009 | D:5      | 5009 ||| FLEEEEING.
  5010 | D:5      | 5010 ||| FLEEEEING.
  5011 | D:5      | 5011 ||| FLEEEEING.
  5012 | D:5      | 5012 ||| FLEEEEING.
  5013 | D:5      | 5013 ||| FLEEEEING.
  5023 | D:5      | 5023 ||| FLEEEEING.
  5033 | D:5      | 5033 ||| UPGRADING to +2 scale mail of willpower.
  5064 | D:5      | 5064 ||| DROPPING +0 scale mail.
  5065 | D:5      | 5065 ||| READING scroll labelled WEANU QIS EKHLA.
  5066 | D:5      | 5066 ||| READING scroll labelled CONAFFA FICU.
  5067 | D:5      | 5067 ||| READING 2 scrolls of identify.
  5067 | D:5      | 5067 ||| IDENTIFYING bubbling yellow potion
  5111 | D:5      | 5111 ||| FLEEEEING.
  5112 | D:5      | 5112 ||| FLEEEEING.
  5117 | D:5      | 5117 ||| FLEEEEING.
  5118 | D:5      | 5118 ||| FLEEEEING.
  5120 | D:5      | 5120 ||| FLEEEEING.
  5121 | D:5      | 5121 ||| FLEEEEING.
  5124 | D:5      | 5124 ||| FLEEEEING.
  5125 | D:5      | 5125 ||| FLEEEEING.
  5126 | D:5      | 5126 ||| FLEEEEING.
  5127 | D:5      | 5127 ||| FLEEEEING.
  5128 | D:5      | 5128 ||| FLEEEEING.
  5140 | D:5      | 5140 ||| FLEEEEING.
  5142 | D:5      | 5142 ||| FLEEEEING.
  5143 | D:5      | 5143 ||| FLEEEEING.
  5144 | D:5      | 5144 ||| FLEEEEING.
  5145 | D:5      | 5145 ||| FLEEEEING.
  5148 | D:5      | 5148 ||| FLEEEEING.
  5149 | D:5      | 5149 ||| FLEEEEING.
  5150 | D:5      | 5150 ||| FLEEEEING.
  5151 | D:5      | 5151 ||| FLEEEEING.
  5152 | D:5      | 5152 ||| FLEEEEING.
  5153 | D:5      | 5153 ||| FLEEEEING.
  5154 | D:5      | 5154 ||| STAIRDANCE
  5160 | D:5      | 5160 ||| STAIRDANCE
  5221 | D:5      | 5221 ||| FLEEEEING.
  5222 | D:5      | 5222 ||| FLEEEEING.
  5223 | D:5      | 5223 ||| FLEEEEING.
  5234 | D:5      | 5234 ||| FLEEEEING.
  5240 | D:5      | 5240 ||| FLEEEEING.
  5241 | D:5      | 5241 ||| FLEEEEING.
  5245 | D:5      | 5245 ||| FLEEEEING.
  5246 | D:5      | 5246 ||| FLEEEEING.
  5247 | D:5      | 5247 ||| FLEEEEING.
  5248 | D:5      | 5248 ||| FLEEEEING.
  5249 | D:5      | 5249 ||| STAIRDANCE
  5253 | D:5      | 5253 ||| STAIRDANCE
  5274 | D:5      | 5274 ||| STAIRDANCE
  5325 | D:4      | 5325 ||| DROPPING +0 mace.
  5331 | D:5      | 5331 ||| STAIRDANCE
  5368 | Temple   | Entered the Ecumenical Temple
  5511 | Temple   | 5511 ||| PLANNING D:1-11
  5694 | D:5      | Reached skill level 6 in Axes
  6038 | D:5      | 6038 ||| READING 2 scrolls of identify.
  6038 | D:5      | 6038 ||| IDENTIFYING red potion
  6075 | D:6      | You fall into a shaft and drop 3 floors!
  6087 | D:9      | Found Ypobloa's General Store.
  6093 | D:9      | Noticed a two-headed ogre
  6098 | D:9      | HP: 12/48 [two-headed ogre/+0 dire flail (15)]
  6099 | D:9      | 6099 ||| DRINKING potion of heal wounds.
  6103 | D:9      | Killed a two-headed ogre
  6104 | D:9      | Reached skill level 11 in Shields
  6104 | D:9      | Reached XP level 9. HP: 39/52 MP: 9/9
  6181 | D:9      | 6181 ||| SHOPLISTING 2 potions of cancellation (208 gold,
                  | have 202).
  6181 | D:9      | 6181 ||| BUYING 2 potions of curing (78 gold).
  6181 | D:9      | Bought 2 potions of curing for 78 gold pieces
  6181 | D:9      | 6181 ||| BUYING potion of might (52 gold).
  6181 | D:9      | Bought a potion of might for 52 gold pieces
  6181 | D:9      | 6181 ||| BUYING scroll of fog (52 gold).
  6181 | D:9      | Bought a scroll of fog for 52 gold pieces
  6210 | D:9      | Noticed a troll
  6227 | D:9      | HP: 11/52 [troll (7)]
  6228 | D:9      | HP: 2/52 [troll (9)]
  6233 | D:9      | Mangled by a troll

Levels and vault maps discovered:
D:1:      dpeg_arrival_brainrot, layout_basic, serial_corexii_hall,
          chequers_hall_statues_wall_a, corexii_hall_statues_x,
          chequers_hall_statues_y, chequers_hall_statues_corner_a,
          hangedman_decor_points
D:2:      layout_loops_ring, uniq_jessica, uniq_natasha, uniq_robin
D:3:      layout_basic, minmay_misc_feat_rugged, uniq_grinder,
          uniq_crazy_yiuf_cottage
D:4:      layout_cave_pools, mainiacjoe_overflow_alcove_2
D:5:      layout_basic, minmay_temple_entry_mist, minivault_11, uniq_duvessa,
          uniq_sigmund
D:6:      layout_cave_pools, vehumet_statue, kennysheep_mini,
          corexii_leaking_fountain, kennysheep_small_spiral, uniq_menkaure
D:9:      layout_basic, orc_david_3, serial_shops, shop_fountains,
          serial_co_window_serial, co_window_paths_a,
          co_window_of_opportunity_a, co_window_corner_a, co_window_corner_a,
          co_window_cross_1, co_window_broadway_b, co_window_2corner,
          co_window_cross_4, co_window_broadway_c, glass_columns_a,
          glass_columns_b, glass_columns_a, uniq_pikel
Temple:   nicolae_temple_elliptical

Skill      XL: |  1  2  3  4  5  6  7  8 |
---------------+-------------------------+-----
Axes           | 2 3 5 6 |  6.0
Shields        | 4 5 6 7 8 11 | 11.0
Fighting       | 4 |  4.0
Dodging        | 1 |  1.4
Armour         | |  3.2

Action                   |  1- 3 |  4- 6 |  7- 9 || total
-------------------------+-------+-------+-------++-------
Melee: War axe           |    73 |   133 |   263 ||   469
Throw: Boomerang         |       |       |    10 ||    10
  Use: Scroll            |     3 |     3 |     8 ||    14
       Potion            |       |     1 |     3 ||     4
Armor: Scale mail        |    37 |    51 |   116 ||   204
       Skin              |       |       |     1 ||     1
Dodge: Dodged            |    23 |    52 |   111 ||   186
Block: Buckler           |     6 |       |       ||     6
       Tower shield      |    28 |   116 |   246 ||   390

Table legend:
 A = Non-vault XP
 B = Vault XP
 C = Vault XP percentage of total XP
 D = Non-vault monster count
 E = Vault monster count
 F = Vault count percentage of total count
                 A         B        C        D         E       F
            +---------+---------+-------+---------+---------+-------
      Total |    2160 |     829 |  27.7 |      94 |      17 |  15.3
            +---------+---------+-------+---------+---------+-------
        D:1 |      29 |       0 |   0.0 |      18 |       0 |   0.0
        D:2 |      94 |     107 |  53.2 |      19 |      13 |  40.6
        D:3 |     142 |     258 |  64.5 |      13 |       1 |   7.1
        D:4 |     312 |       0 |   0.0 |      18 |       0 |   0.0
        D:5 |     770 |     464 |  37.6 |      25 |       3 |  10.7
        D:9 |     813 |       0 |   0.0 |       1 |       0 |   0.0
            +---------+---------+-------+---------+---------+-------
